[ PARTIDA AOE2 · #484941534 ]
UnrankedMagiares vs Spanish
[ ANÁLISIS DE REPETICIÓN · EXTRAÍDO DE LA PARTIDA GRABADA ]
Feudal
15:34
Castillos
31:32
Imperial
—
| APM promedio | 12.9 |
| APM pico | 28 |
| eAPM promedio | 7.7 |
| Aldeanos / militares | 147 / 122 |
Foco
⚔️ 21.8% · 🌾 78.2%
Magyar Huszar ×62 · Cavalry Archer ×49 · Fishing Ship ×9 · Galley ×5 · Scout Cavalry ×5 · Fire Galley ×1
Feudal
17:18
Castillos
21:01
Imperial
53:07
| APM promedio | 34.7 |
| APM pico | 113 |
| eAPM promedio | 10.0 |
| Aldeanos / militares | 89 / 127 |
Foco
⚔️ 41.0% · 🌾 59.0%
Cavalry Archer ×122 · Battering Ram ×5
Feudal
15:00
Castillos
19:16
Imperial
47:06
| APM promedio | 39.4 |
| APM pico | 105 |
| eAPM promedio | 18.1 |
| Aldeanos / militares | 116 / 133 |
Foco
⚔️ 32.6% · 🌾 67.4%
Skirmisher ×45 · Hand Cannoneer ×35 · Fire Galley ×29 · Conquistador ×13 · Fishing Ship ×12 · Unknown (2626) ×8
Feudal
14:10
Castillos
21:12
Imperial
45:30
| APM promedio | 28.1 |
| APM pico | 90 |
| eAPM promedio | 13.1 |
| Aldeanos / militares | 119 / 303 |
Foco
⚔️ 42.1% · 🌾 57.9%
Karambit Warrior ×272 · Fishing Ship ×48 · Scorpion ×10 · Cannon Galleon ×9 · Mangonel ×7 · Trebuchet (Packed) ×3
Mapa de la partida
Recursos iniciales + cada clic de construcción. Líneas = muros · curvas = relieve. ◆ oro · ⬟ piedra · ● bayas · ✦ reliquia · ◌ hueco del cierre
Tu base· Abierta — hueco de 11t
Base de Longfire· Abierta — hueco de 6t
Base de AltF4· Abierta — flanco sin cerrar
Base de GeoOmar· Abierta — flanco sin cerrar
Terreno inicial suavizado · ◌ = hueco del cierre detectado · pasá el cursor para detalles
Inputs por minuto
— Polt - - Longfire
Build order — Polt
Primeras 150 de 310 acciones detectadas
| 0:23 | Construir | House |
| 1:17 | Construir | Town Center |
| 1:27 | Construir | House |
| 1:33 | Construir | Dock |
| 3:25 | Crear | Villager (Male) |
| 3:25 | Crear | Villager (Male) |
| 3:25 | Crear | Villager (Male) |
| 3:26 | Crear | Villager (Male) |
| 4:43 | Crear | Villager (Male) |
| 4:59 | Crear | Fishing Ship |
| 5:28 | Investigar | Loom |
| 5:35 | Crear | Fishing Ship |
| 6:18 | Crear | Villager (Male) |
| 6:30 | Crear | Fishing Ship |
| 6:47 | Crear | Fishing Ship |
| 7:16 | Crear | Fishing Ship |
| 7:20 | Crear | Villager (Male) |
| 7:30 | Construir | House |
| 7:49 | Crear | Villager (Male) |
| 8:02 | Crear | Fishing Ship |
| 8:19 | Construir | House |
| 9:03 | Construir | Mill |
| 9:08 | Crear | Villager (Male) |
| 9:08 | Crear | Villager (Male) |
| 9:23 | Crear | Fishing Ship |
| 9:27 | Crear | Villager (Male) |
| 10:13 | Crear | Villager (Male) |
| 10:21 | Crear | Fishing Ship |
| 10:55 | Crear | Villager (Male) |
| 10:56 | Crear | Villager (Male) |
| 11:42 | Construir | House |
| 11:44 | Construir | House |
| 11:48 | Crear | Villager (Male) |
| 11:49 | Crear | Villager (Male) |
| 12:18 | Crear | Villager (Male) |
| 12:28 | Crear | Villager (Male) |
| 12:29 | Crear | Villager (Male) |
| 12:34 | Construir | House |
| 12:44 | Construir | Mill |
| 13:10 | Construir | Mill |
| 13:24 | Investigar | Feudal Age |
| 13:31 | Construir | House |
| 13:49 | Construir | Dock |
| 13:53 | Crear | Villager (Male) |
| 14:11 | Construir | Barracks |
| 14:19 | Crear | Villager (Male) |
| 14:32 | Crear | Fishing Ship |
| 15:11 | Construir | House |
| 15:32 | Construir | Lumber Camp |
| 15:34 | Edad | Edad Feudal |
| 15:39 | Investigar | Horse Collar |
| 15:41 | Crear | Villager (Male) |
| 15:41 | Crear | Villager (Male) |
| 15:56 | Construir | Mining Camp |
| 16:03 | Investigar | Double-Bit Axe |
| 16:30 | Construir | Stable |
| 16:45 | Construir | Farm |
| 16:47 | Construir | Farm |
| 17:03 | Construir | Farm |
| 17:22 | Construir | Farm |
| 17:25 | Crear | Villager (Male) |
| 17:32 | Construir | House |
| 17:36 | Construir | House |
| 17:41 | Crear | Scout Cavalry ×5 |
| 17:52 | Crear | Villager (Male) |
| 17:52 | Crear | Villager (Male) |
| 17:53 | Crear | Villager (Male) |
| 17:55 | Construir | Farm |
| 18:21 | Construir | Farm |
| 18:43 | Crear | Villager (Male) |
| 18:46 | Construir | Farm |
| 19:09 | Crear | Villager (Male) |
| 19:10 | Crear | Villager (Male) |
| 19:10 | Crear | Villager (Male) |
| 19:19 | Construir | Lumber Camp |
| 19:26 | Construir | Farm |
| 21:31 | Construir | Mining Camp |
| 21:53 | Construir | Blacksmith |
| 22:02 | Crear | Villager (Male) |
| 22:02 | Crear | Villager (Male) |
| 22:02 | Crear | Villager (Male) |
| 22:09 | Construir | Mining Camp |
| 22:16 | Construir | Farm |
| 24:19 | Construir | Town Center |
| 24:29 | Construir | Mining Camp |
| 25:25 | Crear | Villager (Male) |
| 25:25 | Crear | Villager (Male) |
| 25:26 | Crear | Villager (Male) |
| 25:26 | Crear | Villager (Male) |
| 26:01 | Construir | Lumber Camp |
| 26:26 | Crear | Villager (Male) |
| 26:55 | Crear | Villager (Male) |
| 26:59 | Crear | Villager (Male) |
| 27:09 | Construir | Market |
| 27:13 | Crear | Villager (Male) |
| 27:34 | Construir | House |
| 28:12 | Construir | Blacksmith |
| 28:52 | Investigar | Castle Age |
| 28:58 | Investigar | Fletching |
| 29:06 | Construir | Lumber Camp |
| 29:16 | Construir | Dock |
| 29:18 | Crear | Villager (Male) |
| 29:19 | Crear | Villager (Male) |
| 30:54 | Investigar | Stone Mining |
| 30:55 | Investigar | Gold Mining |
| 30:58 | Crear | Villager (Male) |
| 31:32 | Edad | Edad de los Castillos |
| 31:38 | Crear | Villager (Male) |
| 32:02 | Construir | Lumber Camp |
| 32:04 | Crear | Villager (Male) |
| 32:17 | Crear | Villager (Male) |
| 32:18 | Crear | Villager (Male) |
| 32:18 | Crear | Villager (Male) |
| 33:20 | Crear | Villager (Male) |
| 33:21 | Crear | Villager (Male) |
| 33:26 | Crear | Villager (Male) |
| 33:58 | Crear | Villager (Male) |
| 33:58 | Crear | Villager (Male) |
| 34:31 | Construir | Town Center |
| 34:37 | Crear | Villager (Male) |
| 34:38 | Crear | Villager (Male) |
| 35:56 | Crear | Villager (Male) |
| 35:56 | Crear | Villager (Male) |
| 35:56 | Crear | Villager (Male) |
| 36:00 | Crear | Villager (Male) |
| 36:00 | Crear | Villager (Male) |
| 36:00 | Crear | Villager (Male) |
| 36:31 | Crear | Villager (Male) |
| 36:51 | Construir | House |
| 36:54 | Crear | Villager (Male) |
| 37:25 | Construir | House |
| 37:30 | Construir | Town Center |
| 37:36 | Crear | Villager (Male) |
| 37:37 | Crear | Villager (Male) |
| 37:55 | Crear | Villager (Male) |
| 37:55 | Crear | Villager (Male) |
| 38:11 | Construir | Lumber Camp |
| 38:18 | Construir | House |
| 38:21 | Crear | Villager (Male) |
| 38:22 | Crear | Villager (Male) |
| 38:22 | Crear | Villager (Male) |
| 38:45 | Construir | Castle |
| 38:50 | Crear | Villager (Male) |
| 38:51 | Crear | Villager (Male) |
| 38:51 | Crear | Villager (Male) |
| 38:59 | Crear | Villager (Male) |
| 38:59 | Crear | Villager (Male) |
| 39:06 | Construir | House |
| 39:16 | Construir | Dock |
| 39:32 | Crear | Villager (Male) |
Build order — Longfire
Primeras 150 de 272 acciones detectadas
| 0:08 | Construir | Town Center |
| 2:58 | Crear | Villager (Male) |
| 2:59 | Crear | Villager (Male) |
| 2:59 | Crear | Villager (Male) |
| 2:59 | Crear | Villager (Male) |
| 2:59 | Crear | Villager (Male) |
| 4:22 | Crear | Villager (Male) |
| 5:01 | Crear | Villager (Male) |
| 6:03 | Crear | Villager (Male) |
| 6:04 | Crear | Villager (Male) |
| 6:04 | Crear | Villager (Male) |
| 6:26 | Crear | Villager (Male) |
| 7:00 | Crear | Villager (Male) |
| 7:09 | Construir | Lumber Camp |
| 7:24 | Crear | Villager (Male) |
| 7:44 | Crear | Villager (Male) |
| 8:30 | Crear | Villager (Male) |
| 8:30 | Crear | Villager (Male) |
| 8:30 | Crear | Villager (Male) |
| 8:57 | Crear | Villager (Male) |
| 9:11 | Construir | Mill |
| 9:20 | Crear | Villager (Male) |
| 9:56 | Crear | Villager (Male) |
| 10:25 | Crear | Villager (Male) |
| 11:48 | Investigar | Loom |
| 11:49 | Crear | Villager (Male) |
| 11:50 | Crear | Villager (Male) |
| 11:50 | Crear | Villager (Male) |
| 11:50 | Crear | Villager (Male) |
| 12:18 | Construir | Lumber Camp |
| 12:47 | Crear | Villager (Male) |
| 12:51 | Crear | Villager (Male) |
| 12:51 | Crear | Villager (Male) |
| 13:57 | Investigar | Feudal Age |
| 13:57 | Investigar | Feudal Age |
| 14:21 | Construir | Barracks |
| 14:46 | Construir | Mill |
| 15:10 | Construir | Mining Camp |
| 15:33 | Construir | Farm |
| 15:43 | Construir | Farm |
| 16:16 | Crear | Villager (Male) |
| 16:16 | Crear | Villager (Male) |
| 17:18 | Edad | Edad Feudal |
| 17:23 | Construir | Market |
| 17:30 | Construir | Blacksmith |
| 17:37 | Investigar | Double-Bit Axe |
| 17:42 | Investigar | Horse Collar |
| 17:54 | Construir | Archery Range |
| 18:00 | Construir | Archery Range |
| 18:14 | Crear | Villager (Male) |
| 18:15 | Crear | Villager (Male) |
| 18:15 | Crear | Villager (Male) |
| 18:21 | Investigar | Castle Age |
| 18:35 | Construir | Mill |
| 18:53 | Construir | Mill |
| 19:16 | Investigar | Fletching |
| 19:17 | Investigar | Padded Archer Armor |
| 19:20 | Investigar | Gold Mining |
| 20:11 | Crear | Villager (Male) |
| 20:12 | Crear | Villager (Male) |
| 20:13 | Crear | Villager (Male) |
| 21:01 | Edad | Edad de los Castillos |
| 21:02 | Crear | Cavalry Archer |
| 21:02 | Crear | Cavalry Archer |
| 21:03 | Crear | Cavalry Archer |
| 21:03 | Crear | Cavalry Archer |
| 21:20 | Investigar | Bow Saw |
| 21:32 | Crear | Villager (Male) |
| 21:42 | Construir | Town Center |
| 21:54 | Construir | Farm |
| 21:57 | Investigar | Heavy Plow |
| 22:19 | Crear | Cavalry Archer |
| 22:20 | Crear | Cavalry Archer |
| 22:20 | Crear | Cavalry Archer |
| 22:24 | Investigar | Bodkin Arrow |
| 23:40 | Construir | Siege Workshop |
| 23:48 | Crear | Cavalry Archer |
| 23:49 | Crear | Cavalry Archer |
| 23:49 | Crear | Cavalry Archer |
| 23:49 | Crear | Cavalry Archer |
| 24:32 | Construir | Archery Range |
| 24:32 | Construir | Archery Range |
| 25:27 | Crear | Cavalry Archer |
| 25:27 | Crear | Cavalry Archer |
| 25:28 | Crear | Cavalry Archer |
| 25:28 | Crear | Cavalry Archer |
| 25:28 | Crear | Cavalry Archer |
| 25:29 | Crear | Cavalry Archer |
| 26:49 | Construir | Mining Camp |
| 27:00 | Construir | Town Center |
| 28:02 | Crear | Villager (Male) |
| 28:03 | Crear | Villager (Male) |
| 28:03 | Crear | Villager (Male) |
| 28:03 | Crear | Villager (Male) |
| 28:04 | Crear | Villager (Male) |
| 28:04 | Crear | Villager (Male) |
| 28:04 | Crear | Villager (Male) |
| 28:05 | Crear | Villager (Male) |
| 28:05 | Crear | Villager (Male) |
| 28:06 | Crear | Villager (Male) |
| 28:13 | Crear | Villager (Male) |
| 28:13 | Crear | Villager (Male) |
| 28:25 | Crear | Cavalry Archer |
| 28:25 | Crear | Cavalry Archer |
| 28:25 | Crear | Cavalry Archer |
| 28:26 | Crear | Cavalry Archer |
| 28:26 | Crear | Cavalry Archer |
| 29:10 | Crear | Battering Ram |
| 29:11 | Crear | Battering Ram |
| 29:47 | Crear | Villager (Male) |
| 29:47 | Crear | Villager (Male) |
| 31:30 | Crear | Battering Ram |
| 31:39 | Crear | Cavalry Archer |
| 31:39 | Crear | Cavalry Archer |
| 31:40 | Crear | Cavalry Archer |
| 31:40 | Crear | Cavalry Archer |
| 31:40 | Crear | Cavalry Archer |
| 32:33 | Crear | Battering Ram |
| 32:33 | Crear | Battering Ram |
| 32:54 | Construir | Castle |
| 33:11 | Construir | Castle |
| 33:15 | Crear | Villager (Male) |
| 33:15 | Crear | Villager (Male) |
| 33:28 | Crear | Cavalry Archer |
| 33:29 | Crear | Cavalry Archer |
| 33:29 | Crear | Cavalry Archer |
| 33:29 | Crear | Cavalry Archer |
| 33:29 | Crear | Cavalry Archer |
| 33:30 | Crear | Cavalry Archer |
| 33:30 | Crear | Cavalry Archer |
| 33:30 | Crear | Cavalry Archer |
| 33:30 | Crear | Cavalry Archer |
| 33:31 | Crear | Cavalry Archer |
| 33:31 | Crear | Cavalry Archer |
| 33:43 | Construir | Farm |
| 33:43 | Construir | Farm |
| 33:43 | Construir | Farm |
| 33:44 | Construir | Farm |
| 33:44 | Construir | Farm |
| 33:44 | Construir | Farm |
| 34:49 | Crear | Villager (Male) |
| 35:24 | Construir | University |
| 35:48 | Crear | Villager (Male) |
| 35:49 | Crear | Villager (Male) |
| 35:49 | Crear | Villager (Male) |
| 36:28 | Investigar | Ballistics |
| 38:04 | Crear | Cavalry Archer |
| 38:04 | Crear | Cavalry Archer |
| 38:04 | Crear | Cavalry Archer |
| 38:05 | Crear | Cavalry Archer |
Build order — AltF4
Primeras 150 de 398 acciones detectadas
| 0:31 | Construir | Dock |
| 0:41 | Construir | Town Center |
| 3:01 | Crear | Villager (Male) |
| 3:01 | Crear | Villager (Male) |
| 3:01 | Crear | Villager (Male) |
| 3:02 | Crear | Villager (Male) |
| 3:02 | Crear | Villager (Male) |
| 3:07 | Construir | House |
| 3:13 | Construir | House |
| 4:15 | Crear | Fishing Ship |
| 4:15 | Crear | Fishing Ship |
| 5:17 | Crear | Villager (Male) |
| 5:17 | Crear | Villager (Male) |
| 5:52 | Construir | House |
| 6:12 | Crear | Villager (Male) |
| 6:48 | Crear | Villager (Male) |
| 6:52 | Crear | Fishing Ship |
| 7:06 | Crear | Villager (Male) |
| 7:07 | Crear | Villager (Male) |
| 7:22 | Crear | Villager (Male) |
| 7:22 | Crear | Villager (Male) |
| 8:06 | Crear | Villager (Male) |
| 8:09 | Crear | Fishing Ship |
| 8:14 | Construir | House |
| 8:28 | Crear | Villager (Male) |
| 8:46 | Crear | Villager (Male) |
| 9:14 | Crear | Villager (Male) |
| 9:16 | Crear | Villager (Male) |
| 9:31 | Crear | Villager (Male) |
| 9:39 | Construir | Mill |
| 9:47 | Crear | Fishing Ship |
| 9:47 | Crear | Fishing Ship |
| 9:52 | Construir | House |
| 10:31 | Crear | Villager (Male) |
| 10:32 | Crear | Villager (Male) |
| 10:32 | Crear | Villager (Male) |
| 10:40 | Crear | Villager (Male) |
| 11:22 | Crear | Villager (Male) |
| 11:22 | Crear | Villager (Male) |
| 11:24 | Crear | Fishing Ship |
| 11:44 | Crear | Villager (Male) |
| 11:55 | Construir | House |
| 11:57 | Crear | Fishing Ship |
| 12:15 | Crear | Villager (Male) |
| 12:45 | Construir | Dock |
| 12:50 | Investigar | Feudal Age |
| 13:39 | Crear | Fishing Ship |
| 14:08 | Construir | Mining Camp |
| 14:14 | Crear | Villager (Male) |
| 14:14 | Crear | Villager (Male) |
| 15:00 | Edad | Edad Feudal |
| 15:04 | Investigar | Loom |
| 15:11 | Construir | Blacksmith |
| 15:52 | Construir | Market |
| 16:36 | Investigar | Castle Age |
| 17:06 | Investigar | Tech 906 |
| 18:04 | Construir | House |
| 19:16 | Edad | Edad de los Castillos |
| 19:19 | Construir | Castle |
| 19:26 | Construir | House |
| 19:29 | Construir | House |
| 19:34 | Construir | House |
| 20:19 | Crear | Transport Ship |
| 20:22 | Investigar | Fletching |
| 20:33 | Crear | Villager (Male) |
| 20:34 | Crear | Villager (Male) |
| 20:34 | Crear | Villager (Male) |
| 20:38 | Crear | Conquistador |
| 20:38 | Crear | Conquistador |
| 21:03 | Crear | Conquistador |
| 21:15 | Crear | Conquistador |
| 21:29 | Construir | Mining Camp |
| 21:37 | Investigar | Bodkin Arrow |
| 21:37 | Investigar | Padded Archer Armor |
| 21:46 | Crear | Conquistador |
| 21:47 | Crear | Conquistador |
| 21:54 | Construir | Siege Workshop |
| 21:55 | Crear | Villager (Male) |
| 21:56 | Crear | Villager (Male) |
| 21:56 | Crear | Villager (Male) |
| 21:56 | Crear | Villager (Male) |
| 22:41 | Construir | Dock |
| 22:50 | Crear | Mangonel |
| 22:51 | Crear | Mangonel |
| 23:33 | Crear | Conquistador |
| 23:33 | Crear | Conquistador |
| 23:34 | Crear | Conquistador |
| 24:26 | Construir | Siege Workshop |
| 25:15 | Crear | Conquistador |
| 25:15 | Crear | Conquistador |
| 25:15 | Crear | Conquistador |
| 25:15 | Crear | Conquistador |
| 25:58 | Crear | Villager (Male) |
| 25:58 | Crear | Villager (Male) |
| 26:02 | Construir | Lumber Camp |
| 26:29 | Investigar | Gillnets |
| 27:06 | Crear | Villager (Male) |
| 27:06 | Crear | Villager (Male) |
| 27:06 | Crear | Villager (Male) |
| 27:06 | Crear | Villager (Male) |
| 28:21 | Crear | Villager (Male) |
| 28:21 | Crear | Villager (Male) |
| 28:21 | Crear | Villager (Male) |
| 28:47 | Construir | House |
| 28:56 | Construir | Town Center |
| 30:04 | Crear | Mangonel |
| 30:13 | Construir | Barracks |
| 31:24 | Crear | Mangonel |
| 31:36 | Crear | Villager (Male) |
| 31:36 | Crear | Villager (Male) |
| 31:36 | Crear | Villager (Male) |
| 31:36 | Crear | Villager (Male) |
| 31:36 | Crear | Villager (Male) |
| 32:00 | Crear | Villager (Male) |
| 32:00 | Crear | Villager (Male) |
| 32:00 | Crear | Villager (Male) |
| 32:00 | Crear | Villager (Male) |
| 32:03 | Crear | Villager (Male) |
| 32:03 | Crear | Villager (Male) |
| 32:03 | Crear | Villager (Male) |
| 32:47 | Construir | Archery Range |
| 33:00 | Crear | Villager (Male) |
| 33:34 | Crear | Villager (Male) |
| 33:34 | Crear | Villager (Male) |
| 33:36 | Investigar | Elite Skirmisher (upgrade) |
| 33:57 | Construir | Outpost |
| 34:00 | Construir | Outpost |
| 34:00 | Construir | Outpost |
| 34:01 | Construir | Outpost |
| 34:03 | Construir | Outpost |
| 34:03 | Construir | Outpost |
| 34:09 | Crear | Mangonel |
| 34:15 | Crear | Villager (Male) |
| 34:15 | Crear | Villager (Male) |
| 34:15 | Crear | Villager (Male) |
| 34:47 | Construir | Town Center |
| 35:10 | Construir | Town Center |
| 35:31 | Construir | Dock |
| 36:01 | Crear | Skirmisher |
| 36:01 | Crear | Skirmisher |
| 36:01 | Crear | Skirmisher |
| 36:02 | Crear | Skirmisher |
| 36:24 | Crear | Villager (Male) |
| 36:25 | Crear | Villager (Male) |
| 36:25 | Crear | Villager (Male) |
| 37:09 | Crear | Villager (Male) |
| 37:29 | Construir | House |
| 37:37 | Crear | Villager (Male) |
| 37:37 | Crear | Villager (Male) |
| 37:37 | Crear | Villager (Male) |
Build order — GeoOmar
Primeras 150 de 555 acciones detectadas
| 1:07 | Construir | Dock |
| 1:37 | Construir | Town Center |
| 3:52 | Crear | Villager (Male) |
| 3:52 | Crear | Villager (Male) |
| 3:52 | Crear | Villager (Male) |
| 3:52 | Crear | Villager (Male) |
| 4:04 | Crear | Villager (Male) |
| 4:04 | Crear | Villager (Male) |
| 4:04 | Crear | Villager (Male) |
| 4:04 | Crear | Villager (Male) |
| 4:12 | Construir | House |
| 5:18 | Construir | House |
| 5:33 | Crear | Villager (Male) |
| 6:25 | Crear | Villager (Male) |
| 6:49 | Crear | Villager (Male) |
| 6:56 | Crear | Fishing Ship |
| 6:57 | Crear | Fishing Ship |
| 7:09 | Construir | House |
| 7:19 | Crear | Villager (Male) |
| 7:44 | Crear | Villager (Male) |
| 7:59 | Crear | Villager (Male) |
| 8:12 | Crear | Fishing Ship |
| 8:29 | Crear | Villager (Male) |
| 8:44 | Crear | Villager (Male) |
| 8:57 | Crear | Villager (Male) |
| 9:15 | Construir | House |
| 9:19 | Crear | Fishing Ship |
| 9:43 | Crear | Villager (Male) |
| 10:12 | Crear | Villager (Male) |
| 10:19 | Crear | Fishing Ship |
| 10:27 | Construir | House |
| 10:40 | Crear | Villager (Male) |
| 11:10 | Crear | Villager (Male) |
| 11:16 | Crear | Villager (Male) |
| 11:34 | Construir | Mill |
| 11:50 | Crear | Fishing Ship |
| 12:02 | Crear | Villager (Male) |
| 12:21 | Investigar | Loom |
| 12:21 | Investigar | Feudal Age |
| 12:28 | Crear | Fishing Ship |
| 13:33 | Crear | Fishing Ship |
| 13:47 | Construir | House |
| 14:03 | Construir | Mining Camp |
| 14:10 | Edad | Edad Feudal |
| 14:13 | Crear | Villager (Male) |
| 14:48 | Crear | Villager (Male) |
| 14:49 | Crear | Villager (Male) |
| 15:21 | Crear | Villager (Male) |
| 15:39 | Construir | House |
| 16:06 | Construir | Lumber Camp |
| 16:13 | Crear | Villager (Male) |
| 16:27 | Construir | House |
| 16:37 | Crear | Villager (Male) |
| 16:44 | Investigar | Double-Bit Axe |
| 17:16 | Crear | Villager (Male) |
| 17:39 | Construir | Watch Tower |
| 17:50 | Construir | Watch Tower |
| 17:56 | Crear | Villager (Male) |
| 18:05 | Construir | Market |
| 18:25 | Construir | Dock |
| 18:30 | Crear | Villager (Male) |
| 19:01 | Construir | Blacksmith |
| 19:11 | Investigar | Town Watch |
| 19:25 | Construir | House |
| 19:30 | Investigar | Castle Age |
| 20:01 | Crear | Fishing Ship |
| 20:06 | Construir | Barracks |
| 20:45 | Construir | Mining Camp |
| 20:53 | Crear | Villager (Male) |
| 21:12 | Edad | Edad de los Castillos |
| 21:13 | Crear | Spearman |
| 21:18 | Crear | Spearman |
| 22:01 | Construir | Castle |
| 22:08 | Crear | Villager (Male) |
| 22:12 | Investigar | Bow Saw |
| 22:34 | Investigar | Squires |
| 22:43 | Construir | Dock |
| 23:35 | Crear | Villager (Male) |
| 23:36 | Crear | Villager (Male) |
| 23:52 | Crear | Karambit Warrior |
| 23:52 | Crear | Karambit Warrior |
| 23:52 | Crear | Karambit Warrior |
| 23:52 | Crear | Karambit Warrior |
| 23:53 | Crear | Karambit Warrior |
| 24:30 | Crear | Karambit Warrior |
| 24:31 | Crear | Karambit Warrior |
| 24:31 | Crear | Karambit Warrior |
| 25:12 | Crear | Karambit Warrior |
| 25:12 | Crear | Karambit Warrior |
| 25:13 | Crear | Karambit Warrior |
| 25:13 | Crear | Karambit Warrior |
| 25:13 | Crear | Karambit Warrior |
| 25:30 | Crear | Karambit Warrior |
| 26:04 | Construir | Castle |
| 26:17 | Crear | Villager (Male) |
| 26:18 | Crear | Villager (Male) |
| 27:07 | Construir | Town Center |
| 27:11 | Crear | Villager (Male) |
| 27:13 | Crear | Villager (Male) |
| 27:26 | Construir | Dock |
| 27:38 | Investigar | Arson |
| 28:10 | Investigar | Tech 906 |
| 28:17 | Crear | Fishing Ship |
| 28:18 | Crear | Fishing Ship |
| 28:19 | Crear | Fishing Ship |
| 28:20 | Crear | Fishing Ship |
| 28:37 | Construir | Siege Workshop |
| 29:02 | Construir | Town Center |
| 29:40 | Crear | Mangonel |
| 30:02 | Investigar | Padded Archer Armor |
| 30:03 | Investigar | Fletching |
| 30:10 | Crear | Villager (Male) |
| 30:14 | Crear | Villager (Male) |
| 30:26 | Crear | Mangonel |
| 30:53 | Crear | Villager (Male) |
| 30:53 | Crear | Villager (Male) |
| 31:11 | Construir | Siege Workshop |
| 31:31 | Crear | Karambit Warrior |
| 31:31 | Crear | Karambit Warrior |
| 31:31 | Crear | Karambit Warrior |
| 31:31 | Crear | Karambit Warrior |
| 31:33 | Crear | Karambit Warrior |
| 31:44 | Crear | Mangonel |
| 32:01 | Crear | Scorpion |
| 32:16 | Crear | Karambit Warrior |
| 32:16 | Crear | Karambit Warrior |
| 32:16 | Crear | Karambit Warrior |
| 32:22 | Crear | Villager (Male) |
| 32:22 | Crear | Villager (Male) |
| 32:22 | Crear | Villager (Male) |
| 32:23 | Crear | Villager (Male) |
| 32:55 | Crear | Villager (Male) |
| 32:55 | Crear | Villager (Male) |
| 33:02 | Crear | Scorpion |
| 33:02 | Crear | Scorpion |
| 33:06 | Crear | Karambit Warrior |
| 33:06 | Crear | Karambit Warrior |
| 33:06 | Crear | Karambit Warrior |
| 33:06 | Crear | Karambit Warrior |
| 33:06 | Crear | Karambit Warrior |
| 33:07 | Crear | Karambit Warrior |
| 33:31 | Crear | Scorpion |
| 33:31 | Crear | Scorpion |
| 33:32 | Crear | Scorpion |
| 33:33 | Crear | Scorpion |
| 33:37 | Construir | Siege Workshop |
| 33:42 | Investigar | Gold Mining |
| 33:43 | Investigar | Stone Mining |
| 34:13 | Crear | Villager (Male) |
| 34:14 | Crear | Villager (Male) |
Cronología de la partida
| 0:31 | AltF4 · first_building Dock |
| 1:07 | GeoOmar · first_building Dock |
| 1:33 | Polt · first_building Dock |
| 14:10 | GeoOmar · age_up feudal |
| 14:11 | Polt · first_building Barracks |
| 14:21 | Longfire · first_building Barracks |
| 15:00 | AltF4 · age_up feudal |
| 15:34 | Polt · age_up feudal |
| 16:30 | Polt · first_building Stable |
| 16:35 | AltF4 · first_market_sell 100 wood |
| 17:18 | Longfire · age_up feudal |
| 17:54 | Longfire · first_building Archery Range |
| 19:16 | AltF4 · age_up castle |
| 19:19 | AltF4 · first_building Castle |
| 20:06 | GeoOmar · first_building Barracks |
| 21:01 | Longfire · age_up castle |
| 21:12 | GeoOmar · age_up castle |
| 21:28 | Longfire · first_market_sell 100 wood |
| 21:54 | AltF4 · first_building Siege Workshop |
| 22:01 | GeoOmar · first_building Castle |
| 23:40 | Longfire · first_building Siege Workshop |
| 28:37 | GeoOmar · first_building Siege Workshop |
| 30:13 | AltF4 · first_building Barracks |
| 31:32 | Polt · age_up castle |
| 32:47 | AltF4 · first_building Archery Range |
| 32:54 | Longfire · first_building Castle |
| 38:45 | Polt · first_building Castle |
| 43:51 | AltF4 · first_market_buy 100 food |
| 45:30 | GeoOmar · age_up imperial |
| 47:06 | AltF4 · age_up imperial |
| 49:53 | Longfire · first_market_buy 100 food |
| 53:07 | Longfire · age_up imperial |
| 57:11 | Longfire · resign |
| 57:56 | Polt · first_building Archery Range |
[ ANÁLISIS IA · 1 CRÉDITO ]
¿Qué pasó realmente en esta partida?
Wolo.gg analiza cada decisión: build order, eco, micro, errores típicos por bracket. Análisis personalizado por WhatsApp o Discord en 30 segundos.
Guía civ
Magiares
Perfil
Jugador #8587882